 Dungeon Crawl Stone Soup version 0.30.1 (webtiles) character file.

Game seed: 11324755422299605117

63005 cheesebisquit the Nimble (level 15, -3/122 HPs)
             Began as a Merfolk Gladiator on July 2, 2023.
             Was a Believer of Uskayaw.
             Slain by a cane toad (13 damage)
             ... on level 5 of the Lair of Beasts.
             The game lasted 02:02:18 (27321 turns).

cheesebisquit the Nimble (Merfolk Gladiator)       Turns: 27321, Time: 02:02:19

Health: -3/122     AC: 27    Str: 15    XL:     15   Next: 8%
Magic:  20/20      EV: 13    Int: 17    God:    Uskayaw [**....]
Gold:   2212       SH:  0    Dex: 18    Spells: 17/20 levels left

rFire   . . .        l - +4 quick blade of Cobwebs {flame, Will+ Int+2}
rCold   + . .        a - +1 buckler
rNeg    . . .        K - +0 shadow dragon scales
rPois   .            c - +1 helmet
rElec   +            H - +0 cloak of Qisk {*Corrode rElec Int+3 SInv}
rCorr   .            m - +0 pair of gloves
SInv    +            R - +1 pair of boots
Will    ++...        u - amulet of magic regeneration
Stlth   +++          M - +4 ring of protection
HPRegen 0.40/turn    w - ring of protection from cold
MPRegen 0.57/turn

%: corrode self (3%)
@: confused, lethally poisoned (-3 -> -22), ambrosia-drunk
A: (nimble swimmer 2), mertail
a: Renounce Religion, Stomp, Line Pass


You were on level 5 of the Lair of Beasts.
You worshipped Uskayaw.
Uskayaw was noncommittal.
You visited 3 branches of the dungeon, and saw 18 of its levels.

You collected 2312 gold pieces.
You spent 100 gold pieces at shops.

Inventory:

Hand Weapons
 l - the +4 quick blade of Cobwebs (weapon) {flame, Will+ Int+2}
   (You acquired it on level 3 of the Dungeon)

   Int:       It affects your intelligence (+2).
   Will:      It increases your willpower.
 A - a +3 sling of freezing
 F - the +0 dagger "Foluorph" {freeze, rElec rF- rN+ Dex+3}
   (You found it on level 4 of the Dungeon)

   Dex:       It affects your dexterity (+3).
   rF:        It makes you vulnerable to fire.
   rElec:     It insulates you from electricity.
   rN:        It protects you from negative energy.
 I - a +2 rapier of draining
 Y - a +1 dagger of venom
 Z - the +1 rapier of Xank {protect, Will- rCorr Int+3 SInv}
   (You found it on level 11 of the Dungeon)

   Int:       It affects your intelligence (+3).
   SInv:      It lets you see invisible.
   rCorr:     It protects you from acid and corrosion.
   Will:      It decreases your willpower.
Missiles
 b - 3 atropa-tipped darts
 e - a javelin
 x - 10 poisoned darts
 J - 2 boomerangs of dispersal
 S - 14 boomerangs (quivered)
Armour
 a - a +1 buckler (worn)
 c - a +1 helmet (worn)
 m - a +0 pair of gloves (worn)
 v - a +1 ring mail of poison resistance
 E - a +0 kite shield
 H - the +0 cloak of Qisk (worn) {*Corrode rElec Int+3 SInv}
   (You found it on level 2 of the Lair of Beasts)

   Int:       It affects your intelligence (+3).
   rElec:     It insulates you from electricity.
   SInv:      It lets you see invisible.
   *Corrode:  It may corrode you when you take damage.
 K - +0 shadow dragon scales (worn)
 N - a +1 leather armour of willpower
 R - a +1 pair of boots (worn)
 X - +0 acid dragon scales
Jewellery
 u - an amulet of magic regeneration (around neck)
 w - a ring of protection from cold (right hand)
 M - a +4 ring of protection (left hand)
Wands
 d - a wand of roots (28)
 p - a wand of flame (22)
 B - a wand of polymorph (7)
 L - a wand of light (10)
Scrolls
 f - 2 scrolls of poison
 g - a scroll of silence {unknown}
 h - 3 scrolls of vulnerability
 k - 2 scrolls of magic mapping
 n - 3 scrolls of torment
 r - a scroll of fog
 t - a scroll of identify
 y - a scroll of enchant weapon
 C - 2 scrolls of immolation
 D - a scroll of blinking
 P - 6 scrolls of teleportation
 T - a scroll of brand weapon
Potions
 i - a potion of mutation
 j - 2 potions of cancellation
 o - 2 potions of flight
 q - 4 potions of attraction
 s - 3 potions of lignification
 z - a potion of berserk rage
 G - a potion of resistance
 Q - 7 potions of brilliance
 U - 2 potions of might
 V - a potion of invisibility
 W - a potion of ambrosia


   Skills:
 - Level 12.4 Fighting
 - Level 8.0 Short Blades
 - Level 2.0 Throwing
 + Level 9.9 Armour
 - Level 14.3 Dodging
 - Level 13.2 Stealth
 - Level 5.0 Shields
 - Level 3.0 Spellcasting
 - Level 5.0 Conjurations
 - Level 6.1 Hexes
 - Level 7.3 Invocations


You had 17 spell levels left.
You knew the following spells:

 Your Spells              Type           Power      Damage    Failure   Level
a - Dazzling Flash        Conj/Hex       42%        N/A       65%         3

Your spell library contained the following spells:

 Spells                   Type           Power      Damage    Failure   Level
 Summon Guardian Golem    Hex/Summ       13%        N/A       94%         3
 Sting                    Tmut/Pois      8%         1d3       95%         1
 Hailstorm                Conj/Ice       11%        3d5       96%         3
 Poisonous Vapours        Pois/Air       4%         N/A       99%         2
 Mephitic Cloud           Conj/Pois/Air  8%         N/A       99%         3
 Volatile Blastmotes      Fire/Tloc      4%         2d10      100%        3
 Animate Dead             Necr           2%         N/A       100%        4
 Ice Form                 Ice/Tmut       2%         N/A       100%        4
 Iskenderun's Mystic Bla  Conj/Tloc      11%        2d4       100%        4
 Olgreb's Toxic Radiance  Pois           2%         N/A       100%        4
 Borgnjor's Vile Clutch   Necr/Erth      1%         N/A       100%        5
 Freezing Cloud           Conj/Ice/Air   4%         6-21      100%        5
 Death Channel            Necr           1%         N/A       100%        6
 Simulacrum               Ice/Necr       1%         N/A       100%        6
 Starburst                Conj/Fire      5%         6d4       100%        6
 Orb of Destruction       Conj           9%         9d6       100%        7
 Spellforged Servitor     Conj/Summ      5%         N/A       100%        7


Dungeon Overview and Level Annotations

Branches:
Dungeon (12/15)            Temple (1/1) D:7            Lair (5/5) D:8
  Swamp (0/4) Lair:3       Spider (0/4) Lair:2        Slime (0/5) Lair:4
    Orc (0/2) D:10

Altars:
Ashenzari
Cheibriados
Dithmenos
Elyvilon
Fedhas
Gozag
Hepliaklqana
Kikubaaqudgha
Makhleb
Nemelex Xobeh
Okawaru
Qazlal
Ru
Sif Muna
Trog
Uskayaw
Vehumet
Wu Jian
Xom
Yredelemnul
Zin
The Shining One
Jiyva

Shops:
D:6 [

Annotations:
D:12 1 runed translucent door, exclusion: ugly thing, AgateBread's ghost, novice TeHu
Lair:1 Amaemon; Sonja; Urug


Innate Abilities, Weirdness & Mutations

((You are very nimble when in or above water. (Stealth+, EV+, Speed+++)))
Your lower body shifts to a powerful aquatic tail in water.


Message History

You are poisoned.
The cane toad poisons you!
You hit the catoblepas. You burn the catoblepas.
The catoblepas is severely wounded.
You feel sick.
You hit the catoblepas but do no damage.
The catoblepas is severely wounded.
You feel sick.
You hit the catoblepas. You burn the catoblepas.
The catoblepas is severely wounded.
You feel sick.
The cane toad stings you but does no damage.
You block the catoblepas's attack.
You hit the catoblepas. You burn the catoblepas.
The catoblepas is severely wounded.
You feel sick.
You hit the catoblepas. You burn the catoblepas.
The catoblepas is almost dead.
You feel sick. The cane toad stings you!
* * * LOW HITPOINT WARNING * * *
You are lethally poisoned!
The cane toad poisons you!
You hit the catoblepas but do no damage.
The catoblepas is almost dead.
* * * LOW HITPOINT WARNING * * *
You feel very sick. The catoblepas gores you!
* * * LOW HITPOINT WARNING * * *
Okay, then.
Okay, then.
You are confused.
You feel invigorated.
* * * LOW HITPOINT WARNING * * *
You feel extremely sick. The cane toad completely misses you.
The catoblepas closely misses you.
You hit the catoblepas. You burn the catoblepas.
The catoblepas is almost dead.
* * * LOW HITPOINT WARNING * * *
You feel sick. The cane toad stings you!
You die...

......~~≈≈~..~~≈~...##
### ###...
.......~~≈≈~~~≈~~....#
####
♣..P...~~≈≈≈≈~≈.....##
♣.......~~~~~~~~.....#
♣...........~......^##
♣..................##
♣..................#
♣.....P§.......F...##
♣..............Y@..P#
♣♣.............§P..##
♣.............§..#.#
♣♣.............§......
...............§....P##
........§......§....##
.♣♣....§.......§..###
.♣♣..†..§......§##.
♣♣♣#♣#.P..###.... ##


You could see a catoblepas and a cane toad.

Vanquished Creatures
  A dire elephant (Lair:3)
  5 hydras
  A catoblepas (Lair:3)
  4 two-headed ogres
  A boulder beetle (D:12)
  5 death yaks (Lair:5)
  A skyshark (Lair:2)
  A large abomination (Lair:5)
  An orb spider (Lair:2)
  2 manticores
  An ugly thing (D:12)
  26 elephants
  13 cane toads
  6 black mambas
  An orange demon (Lair:1)
  An unseen horror (D:11)
  A gargoyle (D:11)
  A kobold demonologist (D:12)
  14 rime drakes
  14 komodo dragons
  A meliai (shapeshifter) (Lair:5)
  5 polar bears
  3 trolls
  10 blink frogs
  6 dream sheep (Lair:5)
  Sigmund (D:3)
  4 slime creatures (D:12)
  A spriggan (Lair:3)
  2 shadows
  2 wraiths
  40 yaks
  15 wyverns
  A ynoxinul (Lair:5)
  Grum (D:8)
  6 basilisks
  5 vampire mosquitoes (D:11)
  4 acid dragons
  3 small abominations (Lair:5)
  20 water moccasins
  A hell hound (Lair:4)
  2 sky beasts
  2 black bears
  3 orc warriors
  10 wolves
  An ogre (D:5)
  5 centaurs
  Blork the orc (D:6)
  16 bullfrogs
  2 scorpions
  8 wights
  A gnoll sergeant (D:5)
  14 killer bees
  An electric eel (Lair:5)
  2 howler monkeys
  7 orc priests
  4 jellies
  2 hounds
  A gnoll bouda (D:4)
  Ijyb (D:3)
  A sleepcap (D:5)
  6 iguanas
  6 orc wizards
  6 hell rats (Lair:4)
  9 gnolls (D:5)
  10 adders
  A white imp (D:6)
  An ufetubus (D:6)
  A worm (D:4)
  A dart slug (D:1)
  48 orcs
  3 ball pythons
  7 bats
  5 endoplasms
  2 giant cockroaches
  7 goblins
  11 hobgoblins
  4 jackals (D:1)
  5 kobolds
  7 quokkas
  4 frilled lizards
  6 rats
  A spectral kobold (D:3)
466 creatures vanquished.

Vanquished Creatures (others)
  An orc warrior (D:10)
1 creature vanquished.

Grand Total: 467 creatures vanquished

Notes
Turn   | Place    | Note
-------+----------+-------------------------------------------
     0 | D:1      | cheesebisquit the Merfolk Gladiator began the quest for the
                  | Orb.
     0 | D:1      | Reached XP level 1. HP: 16/16 MP: 1/1
   162 | D:1      | Found a faded altar of an unknown god.
   264 | D:1      | Reached XP level 2. HP: 23/23 MP: 2/2
   480 | D:1      | Reached skill level 1 in Stealth
   585 | D:1      | Reached XP level 3. HP: 28/28 MP: 3/3
  1502 | D:3      | Noticed Sigmund
  1592 | D:3      | Found a hazy altar of Hepliaklqana.
  1767 | D:3      | Reached XP level 4. HP: 34/34 MP: 4/4
  2082 | D:3      | Noticed Ijyb
  2492 | D:4      | Reached skill level 5 in Short Blades
  2637 | D:4      | Noticed a black bear
  2653 | D:4      | Reached XP level 5. HP: 36/41 MP: 5/5
  2967 | D:4      | Identified the +0 dagger "Foluorph" {freeze, rElec rF- rN+
                  | Dex+3}
  3151 | D:4      | Found a sacrificial altar of Ru.
  3152 | D:4      | Found a burning altar of Makhleb.
  3707 | D:5      | Entered Level 5 of the Dungeon
  3806 | D:5      | Reached skill level 5 in Dodging
  3806 | D:5      | Reached XP level 6. HP: 40/47 MP: 6/6
  3951 | D:5      | HP: 1/47 [acid (10)]
  3970 | D:5      | Reached skill level 1 in Shields
  4913 | D:5      | Reached XP level 7. HP: 53/53 MP: 7/7
  4961 | D:5      | Identified 2 scrolls of acquirement
  4961 | D:5      | Acquired 812 gold pieces
  5912 | D:4      | Found a sacrificial altar of Ru.
  5916 | D:4      | Found a burning altar of Makhleb.
  6136 | D:3      | Acquired the +4 quick blade of Cobwebs {flame, Will+ Int+2}
  6351 | D:3      | Killed Ijyb
  6770 | D:5      | Reached skill level 6 in Dodging
  6876 | D:5      | Reached XP level 8. HP: 54/61 MP: 8/8
  7012 | D:5      | Found a hide-covered altar of Uskayaw.
  7012 | D:5      | Found a faded altar of an unknown god.
  7017 | D:5      | Found an iron altar of Okawaru.
  7020 | D:5      | Became a worshipper of Uskayaw the Reveller
  7023 | D:5      | Found a faded altar of an unknown god.
  7025 | D:5      | Found an ancient bone altar of Kikubaaqudgha.
  7159 | D:6      | Reached * piety under Uskayaw
  7170 | D:6      | Reached ** piety under Uskayaw
  7408 | D:6      | Reached *** piety under Uskayaw
  7790 | D:6      | Noticed Blork the orc
  7793 | D:6      | Killed Blork the orc
  8030 | D:6      | Found Firu's Antique Armour Shoppe.
  8075 | D:6      | Bought a dyed leather armour for 100 gold pieces
  8501 | D:7      | Reached skill level 5 in Fighting
  8579 | D:7      | Identified the +12 flail of Victory {antimagic, rElec}
  8590 | D:7      | Found a staircase to the Ecumenical Temple.
  8605 | Temple   | Entered the Ecumenical Temple
  8676 | D:7      | Reached skill level 5 in Stealth
  8823 | D:7      | Reached skill level 7 in Dodging
  9118 | D:7      | Found a glowing silver altar of Zin.
  9192 | D:7      | Reached XP level 9. HP: 69/69 MP: 6/9
  9192 | D:7      | Reached **** piety under Uskayaw
  9665 | D:8      | Reached skill level 8 in Dodging
  9818 | D:8      | Noticed Grum
 10019 | D:8      | Reached skill level 5 in Shields
 10026 | D:8      | Killed Grum
 10240 | D:8      | Reached skill level 11 in Dodging
 10240 | D:8      | Reached skill level 10 in Stealth
 10240 | D:8      | Reached XP level 10. HP: 85/85 MP: 10/10
 10276 | D:8      | Found a staircase to the Lair.
 10538 | D:8      | Reached skill level 12 in Dodging
 10819 | D:9      | Reached skill level 10 in Fighting
 11139 | D:9      | Noticed a two-headed ogre
 11158 | D:9      | Killed a two-headed ogre
 11159 | D:9      | Reached skill level 1 in Invocations
 11159 | D:9      | Reached XP level 11. HP: 68/91 MP: 11/11
 11754 | D:10     | Entered Level 10 of the Dungeon
 11815 | D:10     | Reached ***** piety under Uskayaw
 11817 | D:10     | Found a staircase to the Orcish Mines.
 11817 | D:10     | Noticed a two-headed ogre
 11856 | D:10     | Killed a two-headed ogre
 12524 | D:10     | Noticed a two-headed ogre
 12534 | D:10     | Killed a two-headed ogre
 12826 | D:11     | Reached skill level 13 in Dodging
 12866 | D:11     | Identified the +1 rapier of Xank {protect, Will- rCorr
                  | Int+3 SInv}
 12894 | D:11     | Noticed a two-headed ogre
 12916 | D:11     | Killed a two-headed ogre
 13529 | D:12     | Noticed a purple ugly thing
 13571 | D:12     | Noticed a manticore
 13591 | D:12     | Killed a manticore
 13764 | D:12     | Found a runed translucent door.
 13779 | D:12     | Reached XP level 12. HP: 93/100 MP: 15/15
 14110 | D:12     | Reached skill level 5 in Invocations
 14120 | D:12     | Noticed AgateBread's ghost (novice TeHu)
 14149 | D:12     | Noticed a boulder beetle
 14213 | D:12     | Killed a boulder beetle
 15210 | D:3      | Killed Sigmund
 15249 | D:3      | Found a hazy altar of Hepliaklqana.
 15622 | Lair:1   | Entered Level 1 of the Lair of Beasts
 15680 | Lair:1   | Reached skill level 14 in Dodging
 15909 | Lair:1   | Noticed Sonja
 16052 | Lair:1   | Learned a level 3 spell: Dazzling Flash
 16115 | Lair:1   | Reached skill level 1 in Hexes
 16121 | Lair:1   | Reached skill level 1 in Conjurations
 16292 | Lair:1   | Noticed Urug
 16296 | Lair:1   | Noticed Amaemon
 16871 | Lair:2   | Identified the +0 cloak of Qisk {*Corrode rElec Int+3 SInv}
 16942 | Lair:2   | Noticed a seven-headed hydra
 17282 | Lair:2   | Found a sparkling altar of Nemelex Xobeh.
 17442 | Lair:2   | Killed a seven-headed hydra
 17573 | Lair:2   | Found a hole to the Spider Nest.
 17953 | Lair:2   | Reached XP level 13. HP: 47/107 MP: 17/17
 18157 | Lair:2   | Reached skill level 5 in Hexes
 18158 | Lair:2   | Reached skill level 1 in Spellcasting
 18160 | Lair:2   | Reached skill level 1 in Armour
 18219 | Lair:2   | Reached ****** piety under Uskayaw
 19881 | Lair:3   | You fall into a shaft and drop 2 floors!
 19881 | Lair:5   | Entered Level 5 of the Lair of Beasts
 19888 | Lair:4   | Found a staircase to the Slime Pits.
 19888 | Lair:4   | Found a viscous altar of Jiyva.
 20167 | Lair:3   | Reached skill level 5 in Conjurations
 20365 | Lair:3   | Found a staircase to the Swamp.
 20992 | Lair:3   | Reached XP level 14. HP: 97/116 MP: 15/19
 21417 | Lair:3   | Noticed a dire elephant
 21436 | Lair:3   | Killed a dire elephant
 21437 | Lair:3   | Reached skill level 5 in Armour
 23386 | Lair:4   | HP: 2/114 [rime drake/icy flash freeze (5)]
 23391 | Lair:4   | HP: 3/114 [wyvern (6)]
 23677 | Lair:3   | Found a staircase to the Swamp.
 25515 | Lair:4   | Found a viscous altar of Jiyva.
 25515 | Lair:4   | Found a staircase to the Slime Pits.
 26658 | Lair:5   | Reached XP level 15. HP: 37/122 MP: 11/20
 27321 | Lair:5   | Slain by a cane toad

Illustrated notes

Levels and vault maps discovered:
D:1:      nzn_arrival_settlement, layout_basic, serial_glass, glass_columns_b,
          glass_columns_a, due_unseen_surprise, item_on_display_a,
          item_on_display_a, ebering_ecumenical_altar_abandoned
D:2:      layout_rooms
D:3:      layout_loops_corners, nicolae_hepliaklqana_monster_ancestors,
          minmay_misc_feat_cross, uniq_sigmund, uniq_ijyb
D:4:      layout_basic, gammafunk_temple_overflow_statue
D:5:      layout_loops_cross, chequers_temple_overflow_minitemple,
          reono_crystal_passage
D:6:      layout_layer_cave, serial_shops, nicolae_shop_getting_attention,
          minivault_1, uniq_blork_the_orc
D:7:      layout_loops_ring, zin_statuary, minmay_temple_entry_gardened_gates
D:8:      layout_rooms, lair_entry_dummy, kennysheep_nondescript, uniq_grum
D:9:      layout_small_grid
D:10:     layout_roguey, hiddenorc2_lemuel
D:11:     layout_basic
D:12:     layout_loops_ring, ebering_ghost_reflecting_pool
Temple:   hellmonk_temple_of_storms
Lair:1:   layout_concentric_octagons, pond, uniq_urug, uniq_sonja, uniq_amaemon
Lair:2:   nzn_winding_woodlands_stair_cross [nzn_winding_woodlands_5x15_eye,
          nzn_winding_woodlands_center_pierced_h,
          nzn_winding_woodlands_5x15_lazy_stream,
          nzn_winding_woodlands_5x5_closed_star,
          nzn_winding_woodlands_5x5_three,
          nzn_winding_woodlands_5x15_pathside_ponds,
          nzn_winding_woodlands_center_garden,
          nzn_winding_woodlands_5x15_river_crossing], layout_small_grid,
          nicolae_spider_entry_orb_guardian, basic_altar,
          chequers_serial_rivers_marsh
Lair:3:   mu_elephants_graveyard, layout_long_grid, swamp_mist_pool,
          gauntlet_entry_generic
Lair:4:   layout_roguey [special_room_mythical_zoo], slime_entry_1,
          beast_lair_carwin_10
Lair:5:   hellmonk_lair_end_abyssal_woods, layout_gridlike,
          nicolae_quartered_pool_super, guppyfry_lair_drakes,
          infiniplex_staircase_pool_2

Skill      XL: |  1  2  3  4  5  6  7  8  9 10 11 12 13 14 |
---------------+-------------------------------------------+-----
Short Blades   | 4 5 6 7 8 |  8.0
Stealth        | 1 2 3 4 5 10 11 12 13 | 13.2
Fighting       | 3 4 5 9 10 11 12 | 12.4
Dodging        | 5 6 7 11 12 13 14 | 14.3
Shields        | 1 2 4 5 |  5.0
Invocations    | 1 4 6 7 |  7.3
Hexes          | 4 6 |  6.1
Conjurations   | 4 5 |  5.0
Spellcasting   | 3 |  3.0
Armour         | 4 9 |  9.9
Throwing       | |  2.0

Action                     |  1- 3 |  4- 6 |  7- 9 | 10-12 | 13-15 || total
---------------------------+-------+-------+-------+-------+-------++-------
  Melee: Rapier            |   165 |    55 |       |       |       ||   220
         Punch             |     3 |     1 |       |       |       ||     4
         Dagger            |       |   118 |    28 |       |       ||   146
         Quick blade       |       |       |   332 |   870 |  1702 ||  2904
         Tailslap          |       |       |       |     3 |     2 ||     5
  Throw: Throwing net      |     4 |     5 |     2 |     2 |       ||    13
         Dart              |       |    15 |    31 |    60 |    15 ||   121
         Javelin           |       |       |     1 |       |       ||     1
         Boomerang         |       |       |       |       |    36 ||    36
 Invoke: Line Pass         |       |       |     6 |    32 |    29 ||    67
         Stomp             |       |       |     2 |    14 |    12 ||    28
         Grand Finale      |       |       |       |       |     1 ||     1
  Evoke: Wand              |       |       |     2 |     2 |       ||     4
    Use: Scroll            |       |     6 |    12 |    10 |    13 ||    41
         Potion            |       |     8 |     3 |     1 |     9 ||    21
   Stab: Sleeping          |     3 |     6 |     7 |    24 |    20 ||    60
         Held in net/web   |     1 |     4 |       |       |       ||     5
         Paralysed         |       |       |     7 |    12 |    62 ||    81
         Confused          |       |       |     4 |    19 |    25 ||    48
         Invisible         |       |       |       |     1 |     3 ||     4
         Distracted        |       |       |       |       |     8 ||     8
 Armour: Leather armour    |    69 |    22 |    38 |    25 |       ||   154
         Acid dragon scale |       |       |       |    54 |       ||    54
         Shadow dragon sca |       |       |       |     4 |   585 ||   589
  Dodge: Dodged            |   102 |    98 |   112 |   321 |   466 ||  1099
  Block: Buckler           |       |    16 |    45 |   118 |   296 ||   475
